 Dungeon Crawl Stone Soup version 0.28-a0-828-g0121872642 (webtiles) character file.

Game seed: 7206995824490900152

165 meatgazer the Skirmisher (level 5, -14/43 HPs)
             Began as a Demonspawn Abyssal Knight on Nov 10, 2021.
             Was a Follower of Lugonu.
             Demolished by a large abomination (22 damage)
             ... on level 1 of the Dungeon.
             The game lasted 00:00:58 (188 turns).

meatgazer the Skirmisher (Demonspawn Abyssal Knight) Turns: 188, Time: 00:00:59

Health: -14/43     AC:  3    Str: 14    XL:     5   Next: 21%
Magic:  4/7        EV: 11    Int: 12    God:    Lugonu [*.....]
Gold:   0          SH:  0    Dex: 13    Spells: 4/4 levels left

rFire   . . .      SeeInvis .   a - +1 mace
rCold   . . .      Faith    .   (no shield)
rNeg    . . .      Spirit   .   b - +0 leather armour
rPois   .          Reflect  .   (helmet restricted)
rElec   .          Harm     .   (no cloak)
rCorr   .          Rampage  .   (no gloves)
Will    .....                   (no boots)
Stlth   +.........              (no amulet)
HPRegen 0.14/turn               (no ring)
MPRegen 0.10/turn               (no ring)

@: no status effects
A: hooves 1, horns 1, demonic guardian 1, weakness stinger 1
a: Renounce Religion, Depart the Abyss


You were on level 1 of the Dungeon.
You worshipped Lugonu.
Lugonu was aware of your devotion.
You visited 1 branch of the dungeon, and saw 1 of its levels.
You visited the Abyss 1 time.

Inventory:

Hand Weapons
 a - a +1 mace (weapon)
Armour
 b - a +0 leather armour (worn)


   Skills:
 + Level 4.9 Fighting
 + Level 2.3 Maces & Flails
 + Level 2.4 Armour
 + Level 1.0 Dodging
 + Level 0.1 Stealth
 + Level 3.2 Invocations
 + Level 0.4 Evocations


You had 4 spell levels left.
You didn't know any spells.
Your spell library contained the following spells:

 Spells                   Type           Power      Damage    Failure   Level
 Cause Fear               Hex            0%         N/A       99%         4
 Dragon Form              Tmut           0%         N/A       100%        7
 Dragon's Call            Summ           0%         N/A       100%        9


Dungeon Overview and Level Annotations

Branches:
Dungeon (1/15)

Altars:


Innate Abilities, Weirdness & Mutations

You have large cloven feet.
You have a pair of small horns on your head.
A weak demonic guardian rushes to your aid.
You have a small tail.


Message History

You aren't carrying any items that you can evoke.
Unknown command.
Hit: a) +1 mace
Press: ? - help, Dir - move target Your weapon can't reach that far!
Okay, then.
You barely miss the large abomination. Your kick misses the large abomination.
The large abomination is heavily damaged.
The large abomination barely misses you.
You hit the large abomination but do no damage.
You kick the large abomination, but do no damage.
The large abomination is heavily damaged.
The large abomination hits you!
A demonic guardian appears!
You see here 12 bolts.
You hit the large abomination but do no damage.
The large abomination is heavily damaged.
Your iron imp hits the large abomination.
The large abomination hits you!
* * * LOW HITPOINT WARNING * * *
You barely miss the large abomination.
You kick the large abomination, but do no damage.
The large abomination is severely damaged.
Your iron imp hits the large abomination!
The large abomination hits your iron imp!!
Your iron imp dies!
Your iron imp disappears in a puff of smoke!
You hit the large abomination but do no damage.
You tail-slap the large abomination, but do no damage.
The large abomination is almost destroyed.
The large abomination misses you.
You hit the large abomination but do no damage.
The large abomination is almost destroyed.
The large abomination closely misses you.
You aren't carrying any potions.
You aren't carrying any scrolls.
You hit the large abomination but do no damage.
The large abomination is almost destroyed.
The large abomination hits you!!
Ouch! That really hurt!
You die...

#####
###...###
##.......##
#.........#
#..@X<....#
#..........#
##.......##..
###...###
#####


You could see a large abomination.

Vanquished Creatures
  A raiju (Abyss:2)
1 creature vanquished.

Notes
Turn   | Place    | Note
-------+----------+-------------------------------------------
     0 | Abyss:1  | meatgazer the Demonspawn Abyssal Knight began the quest for
                  | the Orb.
     0 | Abyss:1  | Reached XP level 1. HP: 18/18 MP: 2/2
    59 | Abyss:1  | Found a corrupted altar of Lugonu.
    64 | Abyss:1  | Found a corrupted altar of Lugonu.
    79 | Abyss:1  | Noticed a thrashing horror
   142 | Abyss:2  | Noticed a raiju
   165 | Abyss:2  | Killed a raiju
   166 | Abyss:2  | Reached skill level 4 in Fighting
   166 | Abyss:2  | Reached skill level 1 in Dodging
   166 | Abyss:2  | Gained mutation: A weak demonic guardian rushes to your
                  | aid. [demonic ancestry]
   166 | Abyss:2  | Reached XP level 2. HP: 26/26 MP: 2/4
   166 | Abyss:2  | Discovered your monstrous ancestry.
   166 | Abyss:2  | Gained mutation: You have a pair of small horns on your
                  | head. [demonic ancestry]
   166 | Abyss:2  | Reached XP level 3. HP: 32/32 MP: 2/5
   166 | Abyss:2  | Gained mutation: You have large cloven feet. [demonic
                  | ancestry]
   166 | Abyss:2  | Reached XP level 4. HP: 38/38 MP: 2/6
   166 | Abyss:2  | Gained mutation: You have a small tail. [demonic ancestry]
   166 | Abyss:2  | Reached XP level 5. HP: 43/43 MP: 2/7
   173 | Abyss:2  | Noticed a large abomination
   177 | Abyss:2  | Noticed a large abomination
   179 | D:1      | Escaped the Abyss
   188 | D:1      | Demolished by a large abomination

Illustrated notes

Levels and vault maps discovered:
D:1:      dpeg_arrival_three_same_balls, layout_basic

Skill      XL: |  1 |
---------------+----+-----
Fighting       | 4 |  4.9
Maces & Flails | 2 |  2.3
Armour         | 2 |  2.4
Dodging        | 1 |  1.0
Invocations    | 3 |  3.2
Stealth        | |  0.1
Evocations     | |  0.4

Action                   |  1- 3 |  4- 6 || total
-------------------------+-------+-------++-------
Melee: Mace              |       |     7 ||     7
       Kick              |       |     2 ||     2
       Tailslap          |       |     1 ||     1
Evoke: Wand              |     3 |     4 ||     7
Dodge: Dodged            |       |     3 ||     3

Table legend: (Time is in decaauts)
 A = Elapsed time spent in this place.
 B = Non-inter-level travel time spent in this place.
 C = Inter-level travel time spent in this place.
 D = Time resting spent in this place.
 E = Time spent auto-exploring this place.
 F = Levels seen in this place.
 G = Mean time per level.
                   A        B        C        D        E       F      G
               +--------+--------+--------+--------+--------+-----+--------+
         Total |    189 |    189 |      0 |      0 |    137 |   3 |   63.0 |
       Dungeon |     10 |     10 |      0 |      0 |      0 |   1 |   10.0 |
         Abyss |    179 |    179 |      0 |      0 |    137 |   2 |   89.5 |
               +--------+--------+--------+--------+--------+-----+--------+

Top non-repeatable levels by time:
 Abyss:1: 118 daAuts
 Abyss:2: 61 daAuts
     D:1: 10 daAuts
